 Dungeon Crawl Stone Soup version 0.18.1-48-g4cf74bf (webtiles) character file.

380 Mechanique the Skirmisher (level 6, -5/56 HPs)
             Began as a Minotaur Berserker on July 8, 2016.
             Was a Priest of Trog.
             Killed from afar by an orc wizard (10 damage)
             ... with a puff of flame
             ... on level 4 of the Dungeon.
             The game lasted 00:07:02 (2295 turns).

Mechanique the Skirmisher (Minotaur Berserker)      Turns: 2295, Time: 00:07:03

Health: -5/56      AC:  8    Str: 23    XL:     6   Next: 46%
Magic:  5/5        EV: 12    Int:  4    God:    Trog [***...]
Gold:   102        SH:  0    Dex: 10    Spells: 0 memorised, 5 levels left

rFire  x . .     SeeInvis .     a - +0 mace
rCold  + . .     Gourm    .     g - +0 ring mail
rNeg   . . .     Faith    .     (no shield)
rPois  .         Spirit   .     (helmet restricted)
rElec  .         Dismiss  .     (no cloak)
rCorr  .         Reflect  .     (no gloves)
SustAt .         Harm     .     q - +1 pair of boots
MR     ++...                    (no amulet)
Stlth  ..........               (no ring)
                                t - ring of ice

@: regenerating, very resistant to hostile enchantments, extremely unstealthy
A: retaliatory headbutt, horns 2
a: Berserk, Trog's Hand, Burn Spellbooks, Renounce Religion


You were on level 4 of the Dungeon.
You worshipped Trog.
Trog was most pleased with you.
You were not hungry.

You visited 1 branch of the dungeon, and saw 4 of its levels.

You collected 102 gold pieces.

Inventory:

Hand Weapons
 a - a +0 mace (weapon)
Armour
 b - a +0 animal skin
 d - a +0 leather armour
 g - a +0 ring mail (worn)
 q - a +1 pair of boots (worn)
Jewellery
 r - the ring "Amihevam" {Int+5 Dex+5, unknown}
   (You found it on level 4 of the Dungeon)

   [ring of intelligence]

   It affects your intelligence (+5).
   It affects your dexterity (+5).
 t - a ring of ice (left hand)
Wands
 n - a wand of slowing (25/48)
Scrolls
 e - 2 scrolls of teleportation
 f - a scroll of recharging {unknown}
 h - 5 scrolls of blinking {unknown}
 i - 2 scrolls of noise {unknown}
 j - 4 scrolls of amnesia {unknown}
 l - a scroll of remove curse {unknown}
 s - 2 scrolls of identify {unknown}
 u - a scroll of immolation {unknown}
 v - 2 scrolls of enchant armour {unknown}
 x - a scroll of magic mapping {unknown}
Potions
 k - a potion of mutation {unknown}
 m - a potion of cure mutation {unknown}
 o - a potion of curing {unknown}
Comestibles
 c - 2 bread rations
 p - a beef jerky


   Skills:
 + Level 5.4 Fighting
 + Level 5.1 Maces & Flails
 + Level 5.0 Armour
 + Level 4.0 Dodging


You had 5 spell levels left.
You didn't know any spells.

Dungeon Overview and Level Annotations

Branches:
Dungeon (4/15)
 Temple: D:4-7

Altars:
Cheibriados
Pakellas
Xom


Innate Abilities, Weirdness & Mutations

You reflexively headbutt those who attack you in melee.
You have a pair of horns on your head.


Message History

Something tries to affect you, but you resist.
You completely miss something.
Your skin stops crawling.
You feel less resistant to hostile enchantments.
An orc wizard appears from thin air!
Reactivating autopickup.
The orc wizard hits you with a dagger.
* * * LOW HITPOINT WARNING * * *
Something hits you.
* * * LOW HITPOINT WARNING * * *
Deactivating autopickup; reactivate with Ctrl-A.
Your skin crawls.
You feel resistant to hostile enchantments.
You feel slightly more hungry.
The orc wizard points at you and mumbles some strange words.
The magic dart hits you!
You hear some strange, mumbled words.
A puff of flame appears from out of thin air!
The puff of flame hits you! The fire burns you terribly!
You die...

.o. #.# ### #.# ..#
#.# #.# ##'## #.#
##...## #.##
##.....## #..##
##....){.##
###...####.....o@..#
.........+.........+
###...####.........#
#...## ##.......##
#..#.## ##...|.##
#.###.# ##...##
##.#.## ##'## ##.##
#.# #.# ####.#####


You could see an orc wizard.

Vanquished Creatures
  An ogre (D:4)
  A hound (D:4)
  An orc wizard (D:4)
  A worker ant (D:4)
  A howler monkey skeleton (D:4)
  A worker ant zombie (D:3)
  4 gnolls (D:4)
  4 adders
  3 oozes
  A worm (D:4)
  2 dart slugs (D:2)
  5 giant geckos
  6 orcs
  6 giant cockroaches
  5 goblins
  7 hobgoblins
  6 jackals
  19 kobolds
  A quokka (D:3)
  5 bats
  3 giant newts
  A quokka skeleton (D:4)
  9 rats
93 creatures vanquished.

Notes
Turn   | Place    | Note
--------------------------------------------------------------
     0 | D:1      | Mechanique the Minotaur Berserker began the quest for the Orb.
     0 | D:1      | Reached XP level 1. HP: 19/19 MP: 0/0
    81 | D:1      | Reached XP level 2. HP: 25/27 MP: 1/1
   429 | D:1      | Reached ** piety under Trog
   612 | D:1      | Reached XP level 3. HP: 30/33 MP: 2/2
  1194 | D:2      | Reached XP level 4. HP: 40/40 MP: 3/3
  1393 | D:3      | Found a shimmering altar of Xom.
  1394 | D:3      | Reached *** piety under Trog
  1743 | D:4      | Reached XP level 5. HP: 47/47 MP: 4/4
  1764 | D:4      | Noticed an ogre
  1770 | D:4      | Killed an ogre
  1875 | D:4      | Got a flickering pewter ring
  1890 | D:4      | Reached skill level 5 in Fighting
  1938 | D:4      | Reached XP level 6. HP: 33/56 MP: 5/5
  2024 | D:4      | Reached skill level 5 in Maces & Flails
  2024 | D:4      | Reached skill level 5 in Armour
  2171 | D:4      | Found an oddly glowing altar of Pakellas.
  2171 | D:4      | Found a snail-covered altar of Cheibriados.
  2295 | D:4      | Killed from afar by an orc wizard

Skill      XL: |  1  2  3  4  5  6 |
---------------+-------------------+-----
Armour         | 3 4 5 |  5.0
Fighting       | 4 5 |  5.4
Maces & Flails | 4 5 |  5.1
Dodging        | 3 4 |  4.0

Action                   |  1- 3 |  4- 6 || total
-------------------------+-------+-------++-------
Melee: Mace              |    85 |   150 ||   235
       Headbutt          |     7 |    23 ||    30
Invok: Berserk           |     1 |       ||     1
       Trog's Hand       |     1 |     4 ||     5
  Use: Scroll            |       |     1 ||     1
  Eat: Chunk             |     1 |     5 ||     6
Armor: Ring mail         |    18 |   107 ||   125
       Leather armour    |     3 |       ||     3
Dodge: Dodged            |    65 |   110 ||   175
